Cogmind - Beta 14 @@@ ROGUE MODE // 2024.11.12 @ 10:27:22 Player: Fangrelle Result: Destroyed by Y-45 Defender via exploding Compression Vault Performance ------------- Evolutions (2) 1000 Regions Visited (5) 1000 Robots Destroyed (151) 755 Value Destroyed (4152) 4152 Prototype IDs (12) 240 Alien Tech Used (0) 0 Bonus (801) 801 TOTAL SCORE: 7948 Bonus ------- High Alert Combat Kills 508 Follower Combat Kills 315 Friendly Fire -22 Cogmind --------- Core Integrity 0/550 Matter 300/300 Energy 275/275 System Corruption 0% Temperature Cool (0) Movement Treading (385) Ox3 Location -8/Storage Parts ------- > --- POWER (1) -------- Deuterium Engine > --- PROPULSION (2) --- Advanced Treads Advanced Treads > --- UTILITY (6) ------ Huge Storage Unit Hardened Heavy Armor Plating Hardened Heavy Armor Plating Hacking Suite > --- WEAPON (2) ------- Heavy EM Shotgun Enhanced Autogun > --- INVENTORY (25) --- Deuterium Engine Advanced Treads Advanced Treads Advanced Treads Advanced Treads Improved VTOL Module Improved VTOL Module Improved VTOL Module Improved VTOL Module Improved VTOL Module Improved VTOL Module Cryofiber Web High-capacity Matter Pod (200) Advanced Visual Processing Unit Transmission Jammer Transmission Jammer Hardened Heavy Armor Plating High-powered Tractor Beam EM Shotgun Assault Rifle Advanced EMP Blaster Improved Datajack Mining Laser Plasma Cutter Peak State ------------ > --- POWER ------------ Deuterium Engine > --- PROPULSION ------- Advanced Treads Advanced Treads > --- UTILITY ---------- Huge Storage Unit Hardened Heavy Armor Plating Hardened Heavy Armor Plating Hacking Suite > --- WEAPON ----------- Heavy EM Shotgun Enhanced Autogun > --- INVENTORY -------- Deuterium Engine Improved Treads Advanced Treads Advanced Treads Advanced Treads Advanced Treads Improved VTOL Module Improved VTOL Module Improved VTOL Module Improved VTOL Module Improved VTOL Module Cryofiber Web High-capacity Matter Pod Advanced Visual Processing Unit Transmission Jammer Transmission Jammer Hardened Heavy Armor Plating High-powered Tractor Beam EM Shotgun Assault Rifle Improved Datajack Mining Laser Plasma Cutter [Rating: 44] Favorites ----------- Power Cooled Ion Engine Engine Cooled Ion Engine Power Core Light Nuclear Core Propulsion Light Treads Treads Light Treads Leg Aluminum Leg Wheel Armored Wheel Hover Unit Aerolev Unit Flight Unit Improved VTOL Module Utility Huge Storage Unit Device Improved Shield Generator Storage Huge Storage Unit Processor Machine Analyzer Hackware Hacking Suite Protection Light Armor Plating Weapon Light Cannon Energy Gun Heavy EM Shotgun Energy Cannon Advanced Beam Cannon Ballistic Gun Autogun Ballistic Cannon Light Cannon Launcher Missile Launcher Special Weapon Mining Laser Slashing Weapon Mining Claw Special Melee Weapon Improved Datajack Build | -11 -10 -10 -9 -8 -8 ------- Run | Yrd Mat Min Mat Mat Sto Slots Evolved 4 | . . . 2 2 . Power . | . . . . . . Propulsion . | . . . . . . Utility 4 | . . . 2 2 . Weapon . | . . . . . . Parts Attached 143 | . 19 2 38 78 6 Power 10 | . . 1 3 6 . Engine 9 | . . 1 3 5 . Core 1 | . . . . 1 . Reactor . | . . . . . . Propulsion 18 | . 2 . 2 12 2 Treads 10 | . 2 . 1 5 2 Leg . | . . . . . . Wheel 4 | . . . 1 3 . Hover 1 | . . . . 1 . Flight 3 | . . . . 3 . Utility 44 | . 7 1 10 25 1 Device 14 | . 2 . 1 11 . Storage 5 | . 3 1 . 1 . Processor 1 | . . . 1 . . Hackware 1 | . . . . 1 . Protection 23 | . 2 . 8 12 1 Artifact . | . . . . . . Weapon 71 | . 10 . 23 35 3 Energy Gun 16 | . 1 . 6 8 1 Energy Cannon 1 | . . . 1 . . Ballistic Gun 18 | . . . 4 13 1 Ballistic Cannon 20 | . 6 . 9 5 . Launcher 5 | . 1 . . 3 1 Special Weapon 8 | . . . 3 5 . Impact Weapon . | . . . . . . Slashing Weapon 2 | . 2 . . . . Piercing Weapon . | . . . . . . Special Melee Weapon 1 | . . . . 1 . Unidentified Prototypes 12 | . . . 3 8 1 Parts Lost 28 | . . . 9 19 . Power 3 | . . . . 3 . Propulsion 4 | . . . 2 2 . Utility 10 | . . . 2 8 . Weapon 11 | . . . 5 6 . Highest Loss Streak 6 | . . . 2 6 . To Critical Strikes 3 | . . . 2 1 . Average Slot Usage (%) 95 | . 96 100 96 92 78 Engine 10 | . 14 14 10 7 9 Treads 13 | . 12 28 15 6 15 Leg 2 | . 15 . . . . Wheel 4 | . . . 4 7 . Device 9 | . 2 . . 23 1 Storage 11 | . 14 14 11 9 9 Processor 6 | . . . 11 7 . Hackware 1 | . . . . 2 9 Protection 13 | . 8 14 21 9 17 Energy Gun 2 | . 1 . 3 2 9 Ballistic Gun 6 | . . . 7 9 8 Ballistic Cannon 12 | . 24 28 10 2 . Peak Build Rating 44 | . 9 9 21 40 44 Average Rating 21 | . 7 8 18 32 41 On Entrance 13 | 6 6 9 9 18 34 Naked Turns . | . . . . . . Heaviest Build 136 | 14 131 94 106 115 136 Greatest Support 45 | 20 40 40 40 28 45 Greatest Overweight (x) 35 | . 3 2 8 35 5 Average Overweight (x) 4 | . . 1 5 7 3 Largest Inventory Capacity 25 | . 25 25 25 25 25 Average Capacity 23 | . 16 24 25 25 25 Most Carried 25 | . 20 23 25 25 25 Average Carried 21 | . 13 22 23 23 22 Final Capacity 25 | 8 25 25 25 25 25 Final Carried 25 | 6 19 22 20 20 25 Class Distribution -------------------- 84% | Mutant 12% | Infiltrator-Mutant Dominant Class ---------------- Mutant | -10/Materials Mutant | -10/Mines Mutant | -9/Materials Mutant | -8/Materials Commander-Mutant | -8/Storage Resources | -11 -10 -10 -9 -8 -8 ----------- Run | Yrd Mat Min Mat Mat Sto Matter Collected 4659 | 200 502 287 1420 2182 68 Remotely 623 | . 121 . 186 316 . Salvage Created 4905 | . 617 31 1878 2266 113 Parts 312 | . 43 6 126 129 8 Haulers Intercepted 11 | . 2 . 4 4 1 Recyclers Shooed 2 | . . . . 2 . Parts Field Recycled . | . . . . . . Retrieved Matter . | . . . . . . Parts Self-Destructed . | . . . . . . Prevented . | . . . . . . Kills | -11 -10 -10 -9 -8 -8 ------- Run | Yrd Mat Min Mat Mat Sto Combat Hostiles Destroyed 102 | . 17 3 42 40 . Guns 38 | . . . 21 17 . Cannons 47 | . 14 3 19 11 . AOE 17 | . 3 . 2 12 . Classes Destroyed 16 | . 6 . 6 4 . Worker 4 | . . . 1 2 1 Builder 6 | . . . . 6 . Tunneler 2 | . . . 2 . . Hauler 11 | . 2 . 4 4 1 Recycler 11 | . 2 . 2 7 . Mechanic 1 | . 1 . . . . Operator 2 | . . . 1 1 . Watcher 12 | . 2 . 4 5 1 Swarmer 22 | . 8 3 8 3 . Grunt 54 | . 9 . 23 22 . Brawler 3 | . . . 1 2 . Duelist 2 | . . . 2 . . Protector 1 | . . . . 1 . Sentry 15 | . . . 8 7 . Specialist 4 | . . . . 4 . Hunter 1 | . . . . 1 . Best Kill Streak 10 | . 3 3 7 10 2 Combat Bots Only 8 | . 3 3 4 8 . Max Kills in Single Turn 4 | . 1 1 2 4 2 Gunslinging . | . . . . . . Exploded 4 | . 1 . 1 4 . Melee . | . . . . . . Uniques/NPCs Destroyed . | . . . . . . Combat | -11 -10 -10 -9 -8 -8 -------- Run | Yrd Mat Min Mat Mat Sto Hostile Shots Fired 616 | . 69 8 224 315 . Missed 174 | . 16 4 55 99 . Damage Taken 5657 | . 506 29 2102 2935 85 Core 890 | . 127 7 197 533 26 Absorbed by Shields 394 | . . . . 394 . Regen/Repaired (Parts) 188 | . . . 92 96 . Core Remaining (%) 65 | 100 . 46 50 . . Volleys Fired 403 | . 65 3 143 190 2 Largest 2 | . 2 2 2 2 2 Hottest 145 | . 75 70 145 100 75 Shots Fired 706 | . 127 8 275 292 4 Gun 346 | . 5 . 152 185 4 Cannon 308 | . 119 8 118 63 . Launcher 25 | . 3 . . 22 . Special 27 | . . . 5 22 . Kinetic 567 | . 119 8 213 225 2 Thermal 27 | . . . 5 22 . Explosive 25 | . 3 . . 22 . Electromagnetic 87 | . 5 . 57 23 2 Robot Hit Streak 13 | . 8 7 13 12 10 Robot Miss Streak 6 | . 4 1 4 6 . Penetration Max . | . . . . . . Secondary Targets 4 | . . . 1 3 . Max Gunslinging Chain 1 | . . . 1 1 . Shots Hit Robots 370 | . 41 6 157 164 2 Core Hits 234 | . 28 3 76 124 3 Critical Kills . | . . . . . . Critical Parts Destroyed . | . . . . . . Critical Strikes 5 | . 2 1 2 . . Blast 4 | . 2 1 1 . . Corrupt 1 | . . . 1 . . Melee Attacks 12 | . 12 . . . . Impact . | . . . . . . Slashing 12 | . 12 . . . . Piercing . | . . . . . . Sneak Attacks . | . . . . . . Combat Hostiles . | . . . . . . Follow-up Attacks . | . . . . . . Damage Inflicted 9590 | . 1178 136 3165 5011 100 Guns 3431 | . 25 . 1421 1907 78 Cannons 3539 | . 970 96 1470 1003 . Explosions 2529 | . 180 . 234 2093 22 Melee . | . . . . . . Ramming 67 | . 3 40 16 8 . Kinetic 5987 | . 970 96 2350 2549 22 Thermal 381 | . 37 . 258 64 22 Explosive 2172 | . 143 . . 2029 . Electromagnetic 983 | . 25 . 541 361 56 Impact . | . . . . . . Slashing . | . . . . . . Piercing . | . . . . . . Highest Corruption 8 | . 1 1 8 . . Average Corruption 3 | . 1 1 5 . . Corruption Purged . | . . . . . . Corruption Blocked . | . . . . . . Effects 112 | . 1 23 88 . . Message Errors 25 | . . 6 19 . . Matter Fused 26 | . 1 7 18 . . Heat Flow Errors 14 | . . 3 11 . . Energy Discharges 14 | . . 3 11 . . Parts Fused 3 | . . 1 2 . . Data Loss (minor) 15 | . . 1 14 . . Data Loss (major) 7 | . . . 7 . . Misfires 4 | . . 2 2 . . Alerts 1 | . . . 1 . . Weapon Failures 3 | . . . 3 . . Overload Shots . | . . . . . . Overflow Damage 102 | . 10 . 80 12 . Projectiles 15 | . 10 . 3 2 . Explosions 87 | . . . 77 10 . Melee . | . . . . . . Knockbacks 33 | . 16 1 10 6 . Impact 1 | . . 1 . . . Kinetic 32 | . 16 . 10 6 . Secondary . | . . . . . . Self-Inflicted Damage 235 | . . . 50 145 40 Shots 7 | . . . 1 5 1 Rammed 10 | . 1 5 3 1 . Targets Rammed 10 | . 1 5 3 1 . Kicked . | . . . . . . Crushed . | . . . . . . Highest Temperature 327 | . 198 283 327 255 76 Average Temperature 60 | . 39 87 69 53 36 Received Heat Transfer 1926 | . 153 . 627 1137 9 Effects 3 | . . . 3 . . Energy Bleed 1 | . . . 1 . . Interference 2 | . . . 2 . . Siege Activations . | . . . . . . Robots Corrupted . | . . . . . . Combat Hostiles . | . . . . . . Parts Fried 5 | . . . 2 1 2 Impact Corruptions . | . . . . . . Robots Melted . | . . . . . . Combat Hostiles . | . . . . . . Parts Melted 1 | . . . 1 . . Heat Transferred 450 | . 50 . 250 100 50 Parts Sabotaged . | . . . . . . Parts Stolen . | . . . . . . Parts Stripped . | . . . . . . Power Chain Reactions 7 | . 1 . 3 2 1 Alert | -11 -10 -10 -9 -8 -8 ------- Run | Yrd Mat Min Mat Mat Sto Peak Influence 864 | . 356 70 826 864 621 Initial 360 | . . 2 . 344 360 Average 255 | . 124 3 274 379 434 Maximum Alert Level 3 | . 1 . 3 3 2 Low Security (%) 48 | . 69 100 53 20 . Level 1 30 | . 30 . 16 53 41 Level 2 11 | . . . 22 8 58 Level 3 8 | . . . 6 17 . Level 4 . | . . . . . . Level 5 . | . . . . . . High Security . | . . . . . . Max Security . | . . . . . . Squads Dispatched 20 | . 4 . 8 8 . Investigation 12 | . 4 . 6 2 . Extermination . | . . . . . . Reinforcement 5 | . . . 1 4 . Assault 3 | . . . 1 2 . Garrison . | . . . . . . Intercept . | . . . . . . Searches Triggered . | . . . . . . Construction Impeded . | . . . . . . Haulers Reinforced . | . . . . . . Active Scanning Responses . | . . . . . . Cargo Convoy Interrupts . | . . . . . . Stealth | -11 -10 -10 -9 -8 -8 --------- Run | Yrd Mat Min Mat Mat Sto Distress Signals 8 | . 1 . 4 2 1 Communications Jammed 27 | . . . . 27 . Distress Signals 27 | . . . . 27 . Times Spotted 143 | . 25 3 53 56 6 Peak Tracking Total 8 | . 4 3 4 8 4 Tactical Retreats 3 | . 1 . 2 . . Traps | -11 -10 -10 -9 -8 -8 ------- Run | Yrd Mat Min Mat Mat Sto Traps Triggered 4 | . 1 . 2 1 . Indirectly . | . . . . . . Trap Hack Attempts 38 | . . . . 38 . Triggered . | . . . . . . Disarmed 1 | . . . . 1 . Reprogrammed 3 | . . . . 3 . Reused 2 | . . . . 2 . Traps Extracted . | . . . . . . Installed . | . . . . . . Triggered 3 | . . . . 3 . Machines | -11 -10 -10 -9 -8 -8 ---------- Run | Yrd Mat Min Mat Mat Sto Machines Disabled 13 | . 3 . 8 2 . Max in Single Turn 3 | . 2 . 3 1 . Machines Repaired . | . . . . . . Machines Dismantled . | . . . . . . Machines Sabotaged . | . . . . . . Overloaded Fab Kills . | . . . . . . Hacking | -11 -10 -10 -9 -8 -8 --------- Run | Yrd Mat Min Mat Mat Sto Machines Accessed 40 | . 10 . 15 12 3 Terminals 30 | . 8 . 11 8 3 Fabricators . | . . . . . . Repair Stations 2 | . . . 1 1 . Recycling Units 6 | . 2 . 2 2 . Scanalyzers 2 | . . . 1 1 . Garrison Access . | . . . . . . Total Hacks 124 | . 31 . 47 36 10 Successful 78 | . 18 . 32 24 4 Failed 46 | . 13 . 15 12 6 Catastrophic 2 | . 1 . 1 . . Database Lockouts . | . . . . . . Manual 106 | . 30 . 39 29 8 Terminals 104 | . 29 . 37 28 10 Fabricators . | . . . . . . Repair Stations 5 | . . . 3 2 . Recycling Units 10 | . 2 . 5 3 . Scanalyzers 5 | . . . 2 3 . Garrison Access . | . . . . . . Terminal Hacks 10 | . 5 . 1 2 2 Robot Analysis 4 | . 3 . . 1 . Open Door 1 | . . . . . 1 Branch Access Points 3 | . 1 . 1 1 . Alert Level 1 | . . . . . 1 Unreport Threat 1 | . 1 . . . . Fabricator Hacks . | . . . . . . Repair Station Hacks 4 | . . . 2 2 . Scan Component 2 | . . . 1 1 . Repair 2 | . . . 1 1 . Recycling Unit Hacks 5 | . . . 3 2 . Report Inventory 5 | . . . 3 2 . Scanalyzer 4 | . . . 2 2 . Insert Component 2 | . . . 1 1 . Analyze 2 | . . . 1 1 . Garrison Access Hacks . | . . . . . . Unauthorized Hacks 55 | . 13 . 24 16 2 Terminals 50 | . 11 . 22 15 2 Track 1 | . . . . 1 . Assimilate 14 | . 2 . 8 4 . Botnet 26 | . 8 . 10 6 2 Disrupt 1 | . . . . 1 . Operators 3 | . 1 . 1 1 . Skim 5 | . . . 3 2 . Fabricators . | . . . . . . Repair Stations . | . . . . . . Recycling Units 5 | . 2 . 2 1 . Tunnel 5 | . 2 . 2 1 . Scanalyzers . | . . . . . . Garrison Access . | . . . . . . Data Cores Recovered . | . . . . . . Used . | . . . . . . Hacking Detections 30 | . 8 . 11 8 3 Full Trace Events 6 | . 3 . 2 1 . Feedback Events 1 | . 1 . . . . Corruption 1 | . 1 . . . . Feedback Blocked . | . . . . . . Robot Schematics Acquired . | . . . . . . Robots Built . | . . . . . . Authchips . | . . . . . . Time . | . . . . . . Total Robot Build Rating . | . . . . . . Part Schematics Acquired 2 | . . . 1 1 . Parts Built . | . . . . . . Authchips . | . . . . . . Time . | . . . . . . Total Part Build Rating . | . . . . . . Parts Repaired 2 | . . . 1 1 . Time 83 | . . . 51 32 . Parts Recycled . | . . . . . . Recycled Matter . | . . . . . . Retrieved Matter . | . . . . . . Retrieved Components . | . . . . . . Parts Scanalyzed 2 | . . . 1 1 . Part Schematics Acquired 2 | . . . 1 1 . Parts Damaged . | . . . . . . Bothacking | -11 -10 -10 -9 -8 -8 ------------ Run | Yrd Mat Min Mat Mat Sto Used RIF Installer . | . . . . . . Robots Hacked . | . . . . . . Non-combat . | . . . . . . Combat . | . . . . . . Robot Hacks Applied . | . . . . . . Relay Couplers Released . | . . . . . . Fabnet Peak Effective % . | . . . . . . Robots Rewired . | . . . . . . Allies Hacked . | . . . . . . Hacks Repelled . | . . . . . . Allies | -11 -10 -10 -9 -8 -8 -------- Run | Yrd Mat Min Mat Mat Sto Total Allies 12 | . . . 2 . 10 Largest Group 11 | . . . 2 1 11 Highest-Rated Group 182 | . . . 20 9 182 Highest-Rated Ally 29 | . . . 10 9 29 Total Orders 16 | . . . 2 14 . STAY 8 | . . . 1 7 . FOLLOW 8 | . . . 1 7 . Ally Attacks 68 | . . . . . 68 Total Damage 839 | . . . . . 839 Kills 10 | . . . . . 10 Allies Corrupted . | . . . . . . Allies Melted . | . . . . . . Intel | -11 -10 -10 -9 -8 -8 ------- Run | Yrd Mat Min Mat Mat Sto Robot Analysis Total 4 | . 3 . . 1 . Derelict Logs Recovered 1 | . . 1 . . . Drone Launches . | . . . . . . Drone Recoveries . | . . . . . . Exploration | -11 -10 -10 -9 -8 -8 ------------- Run | Yrd Mat Min Mat Mat Sto Turns Passed 15484 | . 2151 2477 4405 6015 436 Spaces Moved 5176 | 1 925 763 1406 1987 94 Core 5 | . . . . 5 . Treads 2109 | . 380 763 689 183 94 Legs 546 | 1 545 . . . . Wheels 2514 | . . . 717 1797 . Hover . | . . . . . . Flight 2 | . . . . 2 . Fastest Speed 120 | 120 120 240 210 140 305 Average Speed 253 | 120 193 318 263 241 419 Slowest Speed 1800 | 120 400 320 320 1800 560 Overloaded Moves . | . . . . . . Propulsion Burnouts . | . . . . . . Robots Hopped . | . . . . . . Cave-ins Triggered . | . . . . . . Exploration Rate (%) 65 | 2 99 101 94 76 18 Regions Visited 5 Branch Regions 2 Pre-discovered Areas 5 | . 2 . 2 1 . Known Exits Taken 3 | . 1 . 1 1 . Unknown Exits Taken 2 | 1 . 1 . . . Scrap Searched 3 | . . 3 . . . Spaces Dug 18 | . . . 3 15 . Terrain Destroyed 211 | . 24 . 55 126 6 Melee . | . . . . . . Projectile 32 | . . . 8 24 . AOE 179 | . 24 . 47 102 6 Terrain Rammed . | . . . . . . Walls Destroyed . | . . . . . . Machines Disabled . | . . . . . . Actions | -11 -10 -10 -9 -8 -8 --------- Run | Yrd Mat Min Mat Mat Sto Total 6804 | . 1135 798 1830 2908 133 Wait 825 | . 79 16 198 511 21 Move 5171 | . 924 762 1405 1986 94 Hop . | . . . . . . Pick Up 97 | . 20 6 19 47 5 Fast Attach 44 | . 5 . 10 26 3 Attach 38 | . 3 . 11 22 2 Detach 7 | . 2 . 1 1 3 Swap 61 | . 11 2 17 30 1 Drop 98 | . 13 4 23 56 2 Fire 403 | . 65 3 143 190 2 Melee 12 | . 12 . . . . Ram 3 | . . . 2 1 . Kick . | . . . . . . Crush 7 | . 1 5 1 . . Escape Stasis . | . . . . . . Rewire . | . . . . . . Trap 38 | . . . . 38 . Miscellaneous . | . . . . . . Route ------- -11/Scrapyard -10/Materials (discovered 5 exits: *Mat x3 / *Min x2) -10/Mines (discovered 3 exits: *Mat x2 / [*Sub]) -9/Materials (discovered 4 exits: *Mat x3 / *Min) -8/Materials (discovered 3 exits: [*Fac] / *Sto x2) -8/Storage History --------- Turn | Location | Event 1 | -11/Scrapyard | Discovered new exit (range 0) 1 | -11/Scrapyard | Entered Materials 211 | -10/Materials | Discovered new exit (range 8) 313 | -10/Materials | Build established: Mutant 496 | -10/Materials | Discovered new exit (range 10) 645 | -10/Materials | Discovered new exit (range 16) 916 | -10/Materials | Discovered new exit (range 16) 1345 | -10/Materials | Discovered new exit (range 16) 1773 | -10/Materials | Core integrity fell below 50% 2090 | -10/Materials | Identified exit to Mines 2152 | -10/Materials | Entered Mines 2618 | -10/Mines | Discovered new exit (range 12) 2666 | -10/Mines | Learned location of 1 exit from Materials 2843 | -10/Mines | Discovered new exit (range 6) 4043 | -10/Mines | Discovered new exit (range 6) 4629 | -10/Mines | Entered Materials 4629 | -9/Materials | Evolved 2 slots: Utility x2 4630 | -9/Materials | Identified exit to Materials 5426 | -9/Materials | Discovered exit to Materials (range 3) 7066 | -9/Materials | Discovered new exit (range 7) 7200 | -9/Materials | Repaired Cld. Ion Engine 7366 | -9/Materials | Discovered exit to Materials (range 15) 8229 | -9/Materials | First assault squad dispatched 8777 | -9/Materials | Identified exit to Mines 9034 | -9/Materials | Entered another Materials area 9034 | -8/Materials | Accompanied by 1 ally 9034 | -8/Materials | Evolved 2 slots: Utility x2 9132 | -8/Materials | Discovered new exit (range 10) 9337 | -8/Materials | Build established: Infiltrator-Mutant 11047 | -8/Materials | Lost 3 parts (3u) 11277 | -8/Materials | Build established: Mutant 11353 | -8/Materials | Discovered new exit (range 3) 11425 | -8/Materials | Repaired Arm. Wheel 11809 | -8/Materials | Discovered new exit (range 8) 13834 | -8/Materials | First assault squad dispatched 13864 | -8/Materials | Identified exit to Storage 13917 | -8/Materials | Core integrity fell below 50% 13948 | -8/Materials | Destroyed 8 combat bots 14050 | -8/Materials | Lost 3 parts (1n1u1w) 14196 | -8/Materials | Core integrity fell below 20% 14241 | -8/Materials | Lost 6 parts (1p1n2u2w) 15049 | -8/Materials | Entered Storage 15049 | -8/Storage | Accompanied by 1 ally 15064 | -8/Storage | Assisted by bots powering up and referring to "LRC-V3" 15369 | -8/Storage | Build established: Commander-Mutant 15443 | -8/Storage | Lost 4 allies 15485 | -8/Storage | Destroyed by Y-45 Defender via exploding Compression Vault Last Messages --------------- 15400_ U-05 Engineer lays Concrete. 15402_ U-05 Engineer builds a Wall. 15406_ U-05 Engineer lays Concrete. 15406_ Acquired Imp. VTOL Module. 15407_ U-05 Engineer builds a Wall. 15411_ Dropped Hvy. EM Shotgun. 15411_ Acquired Prototype Launcher. 15411_ Identified Adv. EMP Blaster. 15412_ U-05 Engineer builds a Wall. 15416_ U-05 Engineer lays Concrete. 15416_ Acquired Hvy. EM Shotgun. 15417_ U-05 Engineer builds a Wall. 15425_ U-05 Engineer lays Concrete. 15425_ R-06 Scavenger collects Corrupted Transport Network Coupler. 15426_ U-05 Engineer builds a Wall. 15428_ R-06 Scavenger collects Faulty Adv. EMP Blaster. 15429_ Acquired 20 matter. 15431_ U-05 Engineer lays Concrete. 15432_ R-06 Scavenger collects Enh. Autogun. 15485_ Compression Vault explodes. Map ----- +----------------------------------------------------+ | ?????????????????????????????????????????????????? | | ??????????????????????????????????????????????#### | | ??????????????????????????????????????????????# | | ??????????????????????????????????????????????? | | ????????????????????????????????????????????????"" | | ??????????????????????????????????????????????? "" | | ??????????????????????????????????????????????? "" | | ??????????????????????????????????????????????? "" | | ??????????????????????????????????????????????# | | ????????????????????????????????????? ????????# | | ????????????????????????????????????? ????????# | | ????????????????????????????????????? ????????#### | | ?????????????????????????????????????=???????????? | | ?????????????????????????????????????*???????????? | | ?????????????????????????????????????%???????????? | | ?????????????????????????????????????*???????????? | | ????????????????????????????????????#=#??????????? | | ????????????????????????????????????#%#??????????? | | ???????????????????????????????????? %#??????????? | | ????????????????????????????????????#%#??????????? | | ????????????????????????????????????# #??????????? | | ????????????????????????????????????#%#?????###### | | ????????????????????????????????????# #?????# | | ????????????????????????????????????# ####### | | ??????????????????####+######???????#% % | | ??????????????????# @g ######??#%####### ## | | ????????????????#"" #########*#?????# #? | | ????????????????#"Y go % ]=%=#?????# #? | | ????????????????#"" g###########?????#^^^#? | | ????????????????### gg######??????????#^^^#? | | ??????????????????# #???????????????# #? | | ?????????????????# Y #???????????????# #? | | ?????????????????## #???????????????# #? | | ??????????????????###########???????????????# #? | | ????????????????????????????????????????????# #? | | ????????????????????????????????????????????# #? | | ????????????????????????????????????????????# #? | | ????????????????????????????????????????????# #? | | ????????????????????????????????????????????# #? | | ????????????????????????????????????????????? ?? | | ?????????????????????????????????????????????????? | | ?????????????????????????????????????????????????? | | ?????????????????????????????????????????????????? | | ?????????????????????????????????????????????????? | | ?????????????????????????????????????????????????? | | ?????????????????????????????????????????????????? | | ?????????????????????????????????????????????????? | | ?????????????????????????????????????????????????? | | ?????????????????????????????????????????????????? | | ?????????????????????????????????????????????????? | +----------------------------------------------------+ Best States ------------- Heat Dissipation 31 Energy Generation 14 Energy Capacity 280 Matter Stores 300 Matter Capacity 300 Sight Range 16 Terrain Scan Density 10 ECM Strength 1 Jamming Range 12 Armor Coverage 1200 Weapon Shielding 66 Evasion (%) 55 Recoil Reduction 2 Offensive Hacking 10 Item Schematics ----------------- Arm. Wheel | -9/Materials | Scanalyzed Imp. VTOL Module | -8/Materials | Scanalyzed Robot Schematics ------------------ None Fabricated ------------ Nothing Alien Tech Used ----------------- None Achievements -------------- None Challenges ------------ None Game ------ Seed ReinforcedAlloyLink Manual? 0 Play Time 01:20:31 Cumulative 58.8 hours Start 2024.11.12 @ 09:04:32 End 2024.11.12 @ 10:27:22 Sessions 1 Manual Loads 0 Difficulty Rogue Special Mode None Game No. 104 Rogue 104 Adventurer 0 Explorer 0 Win Type - Total 0 Types 0/0/0/0/0/0/0/0/0 Lore% 39 Gallery% 34 Achievement% 34 Wizard Run 0 Options --------- Layout 0 ASCII 0 Keyboard 0 Movement Mouse Keybinds 0 Fullscreen 1 Font 24/Smallcaps Map View 91x25 Zoom Use 59% Tactical HUD 1 Map Filters NONE Filters NONE Steam 1 RUN: d6b18317-c9e1-49fd-bc61-bfec6be93de2